 Dungeon Crawl Stone Soup version 0.31.0-32-g396128a36d (webtiles) character file.

Game seed: 2079015671690066675

15380 monsoonserge the Mimic (level 12, -4/97 HPs)
             Began as an Octopode Shapeshifter on Apr 8, 2024.
             Was an Initiate of Gozag.
             Slain by a dire elephant simulacrum (19 damage)
             ... in an ice cave.
             The game lasted 00:40:20 (11815 turns).

monsoonserge the Mimic (Octopode Shapeshifter)     Turns: 11815, Time: 00:40:21

Health: -4/97      AC: 17    Str: 23    XL:     12   Next: 26%
Magic:  13/13      EV: 13    Int: 18    God:    Gozag
Gold:   67         SH:  0    Dex: 14    Spells: 9/13 levels left

rFire   . .          .
                       - Unarmed
rCold   + . .        E - melded +1 buckler of the Great Game {Harm rN+++ rCorr Dex-2}
rNeg    + . .        (helmet currently unavailable)
rPois   +            (no amulet)
rElec   +            g - ring of Daon {rElec rPois rC+ Dex-2 SInv}
rCorr   +            m - +4 ring of protection
SInv    +            x - ring "Bimm" {rN+ rCorr Int+2}
Will    .....        C - +6 ring of dexterity
Stlth   ++++         P - +4 ring of protection
HPRegen 0.36/turn    (no ring)
MPRegen 0.13/turn    (no ring)
                     (no ring)

%: no passive effects
@: snake-form, gold aura
A: constrict, boosted hp, almost no armour, amphibious, 8 rings, large,
(camouflage 1), (gelatinous body 1), (nimble swimmer 1), (tentacles), clever 1,
persistent drain
a: Begin Untransformation, Renounce Religion, Potion Petition, Call Merchant,
Bribe Branch


You were in an ice cave.
You worshipped Gozag.
Gozag was noncommittal.
You were an enormous serpent.
You visited 3 branches of the dungeon, and saw 13 of its levels.
You also visited: Sewer, Ossuary and Ice Cave.

You collected 2634 gold pieces.
You spent 1184 gold pieces at shops.
You paid 1383 gold pieces to Gozag.

Inventory:

Missiles
 f - 2 curare-tipped darts
 n - 53 poisoned darts
 v - 8 atropa-tipped darts
 A - 5 boomerangs
 O - 4 javelins
Armour
 E - the +1 buckler of the Great Game (melded) {Harm rN+++ rCorr Dex-2}
   (You found it on level 7 of the Dungeon)

   Dex-2:     It affects your dexterity (-2).
   rN+++:     It renders you almost immune to negative energy.
   rCorr:     It protects you from acid and corrosion.
   Harm:      It increases damage dealt and taken.
Jewellery
 g - the ring of Daon (left tentacle) {rElec rPois rC+ Dex-2 SInv}
   (You bought it in a shop on level 10 of the Dungeon)

   [ring of protection from cold]

   Dex-2:     It affects your dexterity (-2).
   rC+:       It protects you from cold.
   rElec:     It insulates you from electricity.
   rPois:     It protects you from poison SInv: It lets you see invisible.
 m - a +4 ring of protection (right tentacle)
 w - a ring of poison resistance
 x - the ring "Bimm" (on tentacle) {rN+ rCorr Int+2}
   (You bought it in a shop on level 10 of the Dungeon)

   [ring of positive energy]

   Int+2:     It affects your intelligence (+2).
   rN+:       It protects you from negative energy.
   rCorr:     It protects you from acid and corrosion.
 C - a +6 ring of dexterity (on tentacle)
 P - a +4 ring of protection (on tentacle)
Talismans
 c - a flux talisman
 q - a serpent talisman (active)
Wands
 a - a wand of roots (15)
 b - a wand of flame (12) (quivered)
 y - a wand of paralysis (24)
 D - a wand of digging (15)
 S - a wand of acid (2)
Scrolls
 d - 6 scrolls of enchant armour
 i - a scroll of brand weapon
 l - 4 scrolls of vulnerability
 o - a scroll of immolation
 p - 4 scrolls of enchant weapon
 s - 11 scrolls of teleportation
 z - 4 scrolls of fear {unknown}
 F - 2 scrolls of summoning
 I - 3 scrolls of blinking
 J - 2 scrolls of poison
 M - 2 scrolls of fog
 N - 6 scrolls of revelation
Potions
 e - 3 potions of heal wounds
 h - 3 potions of brilliance {unknown}
 j - 2 potions of attraction
 k - a potion of mutation
 r - a potion of cancellation
 t - a potion of resistance
 u - a potion of enlightenment {unknown}
 B - 3 potions of lignification
 G - 3 potions of curing
 H - 2 potions of might
 K - a potion of berserk rage {unknown}
 L - a potion of invisibility
 Q - a potion of experience {unknown}
 R - a potion of haste


   Skills:
 * Level 7.2 Fighting
 * Level 7.2 Dodging
 + Level 7.9 Stealth
 + Level 10.8 Unarmed Combat
 - Level 1.0 Spellcasting
 - Level 3.0 Translocations
 - Level 2.0 Evocations
 + Level 11.1 Shapeshifting


You had 9 spell levels left.
You knew the following spells:

 Your Spells              Type           Power      Damage    Failure   Level
a - Blink                 Tloc           22%        N/A       9%          2
b - Lesser Beckoning      Tloc           22%        N/A       9%          2

Your spell library contained the following spells:

 Spells                   Type           Power      Damage    Failure   Level
 Momentum Strike          Conj/Tloc      12%        3d8       16%         2
 Teleport Other           Tloc           11%        N/A       17%         3
 Magic Dart               Conj           0%         1d3       21%         1
 Shock                    Conj/Air       0%         1d3       21%         1
 Call Imp                 Summ           0%         N/A       30%         2
 Passwall                 Erth           0%         N/A       52%         3
 Swiftness                Air            0%         N/A       52%         3
 Vhi's Electric Charge    Tloc/Air       12%        N/A       71%         4
 Airstrike                Air            0%         2d(0-16)  89%         4
 Ignite Poison            Fire/Alch      0%         N/A       89%         4
 Sticky Flame             Fire/Alch      0%         2d4       89%         4
 Ignition                 Fire           0%         3d3       100%        8


Dungeon Overview and Level Annotations

Branches:
Dungeon (11/15)            Temple (1/1) D:5            Lair (1/5) D:10
    Orc (0/2) D:10          Sewer (visited)         Ossuary (visited)
  IceCv (1/1)

Altars:
Ashenzari
Cheibriados
Dithmenos
Elyvilon
Fedhas
Gozag
Hepliaklqana
Kikubaaqudgha
Makhleb
Nemelex Xobeh
Okawaru
Qazlal
Ru
Sif Muna
Trog
Uskayaw
Vehumet
Wu Jian
Xom
Yredelemnul
Zin
The Shining One

Shops:
D:7 ?(*(   D:8 :   D:10 =!

Annotations:
D:6 Maggie


Innate Abilities, Weirdness & Mutations

You are an enormous serpent.
You have a powerful constriction melee attack.
Your maximum health is increased.
Your armour is entirely melded.
You are incapable of wielding weapons or throwing items.
You cannot wear most types of armour.
You are amphibious.
You can wear up to eight rings at the same time.
((Your skin changes colour to match your surroundings (Stealth+).))
((Your rubbery body absorbs attacks. (AC +1, EV +1)))
((You are camouflaged when in or above water. (Stealth+)))
((You have tentacles for arms and can constrict up to eight enemies at once.))
Your mind is acute. (Int +4, Str/Dex -1)
Your health recovers twice as slowly from being drained.


Message History

You hit the cane toad simulacrum but do no damage.
The cane toad simulacrum is severely damaged.
You constrict the cane toad simulacrum. You lash the cane toad simulacrum!
The cane toad simulacrum vaporises!
You lash the death yak simulacrum! You grab the death yak simulacrum.
The death yak simulacrum is lightly damaged.
You constrict the death yak simulacrum, but do no damage.
You body-slam the death yak simulacrum!!
The death yak simulacrum is severely damaged.
You constrict the death yak simulacrum.
The death yak simulacrum is distracted by your dazzling golden aura.
You hit the death yak simulacrum.
The death yak simulacrum is no longer distracted by gold.
The death yak simulacrum is almost destroyed.
You constrict the death yak simulacrum.
The death yak simulacrum is distracted by your dazzling golden aura.
The dire elephant simulacrum is distracted by your dazzling golden aura.
Unknown command.
You body-slam the dire elephant simulacrum!!
The dire elephant simulacrum is no longer distracted by gold.
The dire elephant simulacrum is heavily damaged.
You constrict the death yak simulacrum, but do no damage.
The death yak simulacrum gores you! The death yak simulacrum freezes you!
You resist.
You lash the death yak simulacrum!
The death yak simulacrum vaporises!
The dire elephant simulacrum tramples you!
* * * LOW HITPOINT WARNING * * *
You stumble backwards!
Unknown command.
You hit the dire elephant simulacrum.
The dire elephant simulacrum is heavily damaged.
The dire elephant simulacrum closely misses you.
The dire elephant simulacrum trunk-slaps you.
* * * LOW HITPOINT WARNING * * *
The dire elephant simulacrum freezes you!!
You resist.
You die...
Your body crumbles into a pile of gold.

#######
##.....# .
##..S...#
....#.○Z....#
....Z.$∩..∩.#
....#.......#
... ##......#
.. ##.....#
#######


You could see a death yak simulacrum and a dire elephant simulacrum.

Vanquished Creatures
  Amaemon (Lair:1)
  Pikel (D:5)
  2 manticores
  Maurice (D:7)
  Joseph (D:8)
  Jeremiah (D:9)
  An orange demon (Lair:1)
  2 cane toads (Lair:1)
  An unseen horror (D:11)
  Psyche (D:8)
  2 trolls (D:10)
  A polar bear (D:11)
  A hornet (D:10)
  2 centaur simulacra (D:11)
  Sigmund (D:4)
  A shadow (D:10)
  A vampire (D:9)
  A spriggan (Lair:1)
  3 wyverns (D:9)
  A wraith (D:11)
  9 yaks (Lair:1)
  Grum (D:9)
  3 steam dragons
  2 death yak simulacra (IceCv)
  Menkaure (D:6)
  An acid dragon (D:8)
  3 water moccasins
  2 black bears
  5 orc warriors
  3 sky beasts
  2 ice beasts (D:7)
  A crocodile (Sewer)
  8 ogres
  7 wolves
  3 centaurs
  A phantom (D:4)
  5 kobold brigands
  2 lemures
  Blork the orc (D:4)
  A bullfrog (D:8)
  3 scorpions
  A cane toad simulacrum (IceCv)
  6 water moccasin zombies (Ossuary)
  A burial acolyte (Ossuary)
  10 wights
  An elephant simulacrum (Lair:1)
  9 killer bees
  4 electric eels (D:10)
  A bombardier beetle (D:6)
  10 hounds
  3 jellies
  A spectral scorpion (Ossuary)
  4 orc priests
  2 sleepcaps
  Natasha (twice) (D:3)
  Terence (D:3)
  Ijyb (D:3)
  4 iguanas
  9 orc wizards
  A bullfrog simulacrum (Ossuary)
  The ghost of flammie80 the Trooper, a weakling FoMo (D:4)
  A boggart simulacrum (D:11)
  2 mummies (Ossuary)
  2 gnolls (D:10)
  11 adders
  2 shadow imps (D:6)
  2 ribbon worm zombies (D:7)
  5 white imps
  2 ufetubi (D:5)
  2 adder zombies (Ossuary)
  A dart slug (D:1)
  5 ribbon worms
  38 orcs
  5 ball pythons
  3 endoplasms
  5 giant cockroaches
  8 gnoll zombies (Ossuary)
  6 goblins
  6 hobgoblins
  7 jackals
  12 kobolds
  3 quokkas
  6 bats
  8 frilled lizards
  3 jackal zombies
  A kobold zombie (D:7)
  2 orc zombies (Ossuary)
  3 rats
313 creatures vanquished.

Notes
Turn   | Place    | Note
-------+----------+-------------------------------------------
     0 | D:1      | monsoonserge the Octopode Shapeshifter began the quest for
                  | the Orb.
     0 | D:1      | Reached XP level 1. HP: 13/13 MP: 1/1
    66 | D:1      | Reached skill level 1 in Stealth
    97 | D:1      | Reached XP level 2. HP: 18/18 MP: 2/2
   677 | D:2      | Reached XP level 3. HP: 24/24 MP: 3/3
   917 | D:2      | Learned a level 2 spell: Blink
   942 | D:2      | Reached XP level 4. HP: 29/29 MP: 4/4
  1269 | D:2      | Reached skill level 1 in Translocations
  1272 | D:2      | Reached skill level 1 in Spellcasting
  1278 | D:2      | Learned a level 2 spell: Lesser Beckoning
  1492 | D:3      | Found an opulent altar of Gozag.
  1500 | D:3      | Became a worshipper of Gozag Ym Sagoz the Greedy
  1558 | D:3      | Reached XP level 5. HP: 34/34 MP: 6/6
  1627 | D:3      | Noticed Terence
  1630 | D:3      | Noticed Natasha
  1640 | D:3      | Killed Terence
  1651 | D:3      | Killed Natasha
  1970 | D:3      | Noticed Ijyb
  1977 | D:3      | Killed Ijyb
  1978 | D:3      | Reached XP level 6. HP: 30/39 MP: 7/7
  2013 | D:3      | Noticed Natasha
  2018 | D:3      | Killed Natasha
  2339 | D:4      | Noticed flammie80's ghost (weakling FoMo)
  2514 | D:4      | Reached skill level 5 in Unarmed Combat
  2531 | D:4      | Found a glowing drain.
  2538 | Sewer    | Entered a sewer
  2738 | D:4      | Reached XP level 7. HP: 33/45 MP: 8/8
  2928 | D:4      | Noticed Sigmund
  2947 | D:4      | Gained mutation: Your health recovers twice as slowly from
                  | being drained. [potion of mutation]
  2947 | D:4      | Gained mutation: Your mind is acute. (Int +4, Str/Dex -1)
                  | [potion of mutation]
  2960 | D:4      | Killed Sigmund
  3279 | D:4      | Noticed Blork the orc
  3280 | D:4      | Found a transporter.
  3287 | D:4      | Killed Blork the orc
  3336 | D:4      | Found a transporter.
  3493 | D:4      | Killed flammie80's ghost
  3534 | D:5      | Entered Level 5 of the Dungeon
  3546 | D:5      | Reached skill level 4 in Shapeshifting
  3565 | D:5      | Reached XP level 8. HP: 48/50 MP: 9/9
  3724 | D:5      | Found a staircase to the Ecumenical Temple.
  3732 | Temple   | Entered the Ecumenical Temple
  3890 | D:5      | Reached skill level 5 in Shapeshifting
  3906 | D:5      | Reached skill level 1 in Evocations
  4031 | D:5      | Noticed Pikel
  4268 | D:6      | Noticed Maggie
  4296 | D:7      | Identified the +1 buckler of the Great Game {Harm rN+++
                  | rCorr Dex-2}
  4327 | D:7      | Noticed Maurice
  4398 | D:7      | Found Usuwapes's Antique Weapon Boutique.
  4415 | D:7      | Found a sand-covered staircase.
  4444 | Ossuary  | Entered an ossuary
  4460 | Ossuary  | Reached skill level 6 in Shapeshifting
  4587 | Ossuary  | Reached skill level 7 in Shapeshifting
  4587 | Ossuary  | Reached XP level 9. HP: 54/54 MP: 10/10
  5074 | D:6      | Got the Grimoire of the Caves and the Vector
  5243 | D:6      | Noticed Menkaure
  5249 | D:6      | Killed Menkaure
  5250 | D:6      | Reached skill level 8 in Shapeshifting
  5650 | D:6      | Found a shadowy altar of Dithmenos.
  5822 | D:7      | Noticed a manticore
  5834 | D:7      | Killed a manticore
  5965 | D:7      | Found Cumaac's Weapon Shop.
  6190 | D:7      | Found Wel Ywux's General Store.
  6338 | D:7      | Maurice stole 5 boomerangs
  6341 | D:7      | Maurice stole a beast talisman
  6342 | D:7      | Killed Maurice
  6343 | D:7      | Reached skill level 9 in Shapeshifting
  6343 | D:7      | Reached XP level 10. HP: 51/63 MP: 7/11
  6429 | D:7      | Found Pesaode's Magic Scroll Shop.
  6437 | D:7      | Bought a scroll of fog for 48 gold pieces
  6437 | D:7      | Bought a scroll of teleportation for 36 gold pieces
  6437 | D:7      | Bought a scroll of revelation for 90 gold pieces
  6628 | D:7      | Reached skill level 10 in Shapeshifting
  7133 | D:8      | Found Ererav's Vocational Training.
  7230 | D:8      | Found a hide-covered altar of Uskayaw.
  7230 | D:8      | Found an ancient bone altar of Kikubaaqudgha.
  7230 | D:8      | Found a radiant altar of Vehumet.
  7231 | D:8      | Found a white marble altar of Elyvilon.
  7584 | D:8      | Noticed Psyche
  7601 | D:8      | Killed Psyche
  7710 | D:8      | Found a hazy altar of Hepliaklqana.
  7852 | D:8      | Noticed Joseph
  7859 | D:8      | Paralysed by Joseph for 3 turns
  7868 | D:8      | Killed Joseph
  8231 | D:9      | Noticed Grum
  8242 | D:9      | Killed Grum
  8267 | D:9      | Noticed Jeremiah
  8279 | D:10     | Entered Level 10 of the Dungeon
  8390 | D:10     | Reached skill level 5 in Fighting
  8390 | D:10     | Reached skill level 5 in Dodging
  8420 | D:10     | Found a blossoming altar of Fedhas.
  8742 | D:5      | Paralysed by Pikel for 5 turns
  8750 | D:5      | Killed Pikel
  8751 | D:5      | Reached XP level 11. HP: 55/72 MP: 12/12
  9167 | D:6      | Reached skill level 5 in Stealth
  9500 | D:9      | Killed Jeremiah
  9563 | D:9      | Found a basalt altar of Yredelemnul.
  9565 | D:9      | Found a sparkling altar of Nemelex Xobeh.
 10264 | D:10     | Found a staircase to the Lair.
 10281 | D:10     | Reached skill level 10 in Unarmed Combat
 10645 | D:10     | Found a staircase to the Orcish Mines.
 11176 | D:11     | Noticed a manticore
 11185 | D:11     | Killed a manticore
 11395 | D:11     | Noticed a two-headed ogre
 11409 | D:10     | Bought a potion of degeneration for 14 gold pieces
 11409 | D:10     | Bought a potion of haste for 140 gold pieces
 11409 | D:10     | Bought a potion of might for 56 gold pieces
 11420 | D:10     | Bought the ring "Bimm" {rN+ rCorr Int+2} for 368 gold
                  | pieces
 11430 | Lair:1   | Entered Level 1 of the Lair of Beasts
 11486 | Lair:1   | Noticed Amaemon
 11493 | Lair:1   | Killed Amaemon
 11527 | Lair:1   | Reached XP level 12. HP: 80/80 MP: 13/13
 11557 | Lair:1   | Reached skill level 11 in Shapeshifting
 11617 | Lair:1   | Found a frozen archway.
 11721 | D:10     | Bought the ring of Daon {rElec rPois rC+ Dex-2 SInv} for
                  | 432 gold pieces
 11791 | IceCv    | Entered an ice cave
 11815 | IceCv    | Slain by a dire elephant simulacrum

Illustrated notes

Levels and vault maps discovered:
D:1:      nagdon_arrival_zigzag_paths, layout_basic, kennysheep_pointless_box
D:2:      minmay_diamond_boxcup, layout_basic
D:3:      layout_basic, mainiacjoe_overflow_cross_hatched, grunt_ministairs_14,
          minivault_4, uniq_terence, uniq_ijyb, uniq_natasha
D:4:      layout_basic, gammafunk_ghost_arena,
          mainiacjoe_sewer_entry_somewhere_in_here_2, uniq_sigmund,
          uniq_blork_the_orc
D:5:      layout_loops_ring, minmay_temple_entry_statues_pillars, uniq_pikel
D:6:      layout_loops_ring, grunt_dithmenos_smoke, uniq_menkaure, uniq_maggie
D:7:      layout_cave_pods, enter_ossuary_3, serial_column_ruins,
          column_ruins_open_small, column_ruins_open_large,
          column_ruins_open_tiny, column_ruins_corridor_corner,
          column_ruins_open_large, serial_shops, shop, shop_fountains, shop,
          shop, dreamdust_wishing_well, hangedman_glass_teeth,
          grunt_decor_resistance, minmay_between, uniq_maurice
D:8:      layout_basic, chequers_temple_overflow_statue_of_worship,
          mainiacjoe_overflow_small_starburst, hangedman_abyss_or_decor_passed,
          nicolae_shop_vocational, uniq_psyche, uniq_joseph
D:9:      layout_small_grid, jmf_multi_god_temple, uniq_grum, uniq_jeremiah
D:10:     layout_irregular_city, fedhas_bush_and_centaur_altar,
          erik_lair_island, kennysheep_orc_monster_closet_entryway,
          serial_glass, glass_columns_b, glass_columns_a
D:11:     layout_loops_ring, serial_ice, serial_ice_i, serial_ice_e,
          serial_ice_g, serial_ice_d, nzn_life_drinkers
Temple:   chequers_temple_sunken
Lair:1:   layout_roguey [special_room_bee], portal_ice_cave_entry_ice_simulacra,
          wad_woods_01, serial_bayou_shore_b, uniq_amaemon
IceCv:    ice_cave_statue_garden_chambered

Skill      XL: |  1  2  3  4  5  6  7  8  9 10 11 12 |
---------------+-------------------------------------+-----
Stealth        | 1 2 4 7 |  7.9
Fighting       | 2 4 5 6 7 |  7.2
Translocations | 1 3 |  3.0
Spellcasting   | 1 |  1.0
Unarmed Combat | 4 6 7 8 9 10 | 10.8
Shapeshifting  | 4 7 9 10 11 | 11.1
Evocations     | 1 2 |  2.0
Dodging        | 4 5 6 7 |  7.2

Action                     |  1- 3 |  4- 6 |  7- 9 | 10-12 || total
---------------------------+-------+-------+-------+-------++-------
  Melee: Unarmed           |    53 |   119 |   302 |   410 ||   884
         Constrict         |    16 |    25 |    85 |    81 ||   207
         Tentacles         |     7 |    19 |    86 |     6 ||   118
         Punch             |     5 |     4 |     8 |       ||    17
  Throw: Boomerang         |       |       |     3 |       ||     3
   Cast: Lesser Beckoning  |       |       |       |     2 ||     2
         Blink             |       |       |       |     1 ||     1
 Invoke: Call Merchant     |       |       |       |     2 ||     2
  Evoke: Wand              |       |       |       |     2 ||     2
    Use: Potion            |       |     1 |     4 |       ||     5
         Scroll            |       |       |       |    12 ||    12
   Stab: Sleeping          |     8 |     6 |     5 |     8 ||    27
         Invisible         |       |       |     2 |       ||     2
         Distracted        |       |       |       |     2 ||     2
 Armour: Skin              |    17 |    61 |    97 |   286 ||   461
  Dodge: Dodged            |    34 |    48 |   163 |   202 ||   447
   Form: Flux              |       |       |     1 |       ||     1
         Serpent           |       |       |       |     1 ||     1
